 Dungeon Crawl Stone Soup version 0.29-a0-397-g846e4a0bbc (webtiles) character file.

Game seed: 15951577957043537382

2 stevothebomb the Slasher (level 1, -1/18 HPs)
             Began as a Human Berserker on May 11, 2022.
             Killed by a fireball (15 damage)
             ... invoked by the fiery rage of Trog
             ... on level 1 of the Dungeon.
             The game lasted 00:03:07 (98 turns).

stevothebomb the Slasher (Human Berserker)            Turns: 98, Time: 00:03:07

Health: -1/18      AC:  2    Str: 17    XL:     1   Next: 44%
Magic:  1/1        EV: 12    Int:  7    God:
Gold:   7          SH:  0    Dex: 12    Spells: 0/0 levels left

rFire   . . .      SeeInvis .   a - +0 falchion
rCold   . . .      Faith    .   (no shield)
rNeg    . . .      Spirit   .   b - +0 animal skin
rPois   .          Reflect  .   (no helmet)
rElec   .          Harm     .   (no cloak)
rCorr   .          Rampage  .   (no gloves)
Will    .....                   (no boots)
Stlth   +.........              (no amulet)
HPRegen 0.06/turn               (no ring)
MPRegen 0.07/turn               (no ring)

@: no status effects
A: no striking features
a: no special abilities


You were on level 1 of the Dungeon.
You visited 1 branch of the dungeon, and saw 1 of its levels.

You collected 7 gold pieces.

Inventory:

Hand Weapons
 a - a +0 falchion (weapon)
Armour
 b - a +0 animal skin (worn)
Scrolls
 c - a scroll of teleportation {unknown}


   Skills:
 + Level 3.0 Fighting
 + Level 3.0 Long Blades
 + Level 2.0 Armour
 + Level 2.0 Dodging


You couldn't memorise any spells.
You didn't know any spells.
Your spell library was empty.

Dungeon Overview and Level Annotations

Branches:
Dungeon (1/15)

Altars:


Message History

Welcome back, stevothebomb the Human Berserker.
Press ? for a list of commands and other information.
There is an open door here.
There is an open door here.
You open the door.
There is an open door here.
You open the door.
There is an open door here.
You open the door.
There is an open door here.
An endoplasm comes into view.
A frilled lizard comes into view.
Found 7 gold pieces.
The endoplasm quivers.
The endoplasm freezes you.
You are frozen.
You hit the endoplasm.
You kill the endoplasm!
The frilled lizard hisses angrily.
Found a leather armour.
Found a scroll labelled FOITWY IKAA.
You see here a +0 leather armour.
Things that are here:
a scroll labelled FOITWY IKAA; a +0 hunting sling You hit the frilled lizard.
You kill the frilled lizard!
You see here a frilled lizard corpse.
c - a scroll labelled FOITWY IKAA You see here a +0 hunting sling.
A rat comes into view.
The rat moves out of view.
You now have 7 gold pieces.
The rat bites you.
You closely miss the rat. The rat closely misses you.
You hit the rat.
You kill the rat!
Trog hurls fiery rage upon you!
The fireball explodes!
The fireball engulfs you!
Ouch! That really hurt!
You die...

#.#... #.#..# #.#..#
#.#..# #.#..# ##
#.#..#
#...#####.#..##
#.....@.......#####
#....####.#).......
...........#†#.#####
.... ..#...[#.# ...
... #.#### # ## ..
#.####.## .
#...l.... #.####.##
#.###.####.#


You could see the fiery rage of Trog (unaware).

Vanquished Creatures
  An endoplasm (D:1)
  A frilled lizard (D:1)
  A rat (D:1)
3 creatures vanquished.

Notes
Turn   | Place    | Note
-------+----------+-------------------------------------------
     0 | D:1      | stevothebomb the Human Berserker began the quest for the
                  | Orb.
     0 | D:1      | Reached XP level 1. HP: 18/18 MP: 1/1
    45 | D:1      | Fell from the grace of Trog
    98 | D:1      | Killed by a fireball

Illustrated notes

Levels and vault maps discovered:
D:1:      erik_arrival_triangle_large, layout_loops_ring,
          hellmonk_ecumenical_altar_pennies_from_heaven,
          hangedman_abyss_or_decor_lesser_grid, minmay_pentomino_s4

Action                   || total
-------------------------++-------
Melee: Falchion          ||     4
Invok: Renounce Religion ||     1
Dodge: Dodged            ||     1

Table legend: (Time is in decaauts)
 A = Elapsed time spent in this place.
 B = Non-inter-level travel time spent in this place.
 C = Inter-level travel time spent in this place.
 D = Time resting spent in this place.
 E = Time spent auto-exploring this place.
 F = Levels seen in this place.
 G = Mean time per level.
                   A        B        C        D        E       F      G
               +--------+--------+--------+--------+--------+-----+--------+
         Total |     98 |     98 |      0 |      0 |     16 |   1 |   98.0 |
       Dungeon |     98 |     98 |      0 |      0 |     16 |   1 |   98.0 |
               +--------+--------+--------+--------+--------+-----+--------+

Top non-repeatable levels by time:
     D:1: 98 daAuts
